 Dungeon Crawl Stone Soup version 0.25-a0-474-ga8a2ee3166 (webtiles) character file.

Game seed: 784686804844096224, levelgen mode: deterministic

142 Esekla the Magician (level 5, -1/28 HPs)
             Began as a Deep Elf Wizard on Feb 7, 2020.
             Slain by a gnoll (8 damage)
             ... on level 2 of the Dungeon.
             The game lasted 00:20:45 (3079 turns).

Esekla the Magician (Deep Elf Wizard)               Turns: 3079, Time: 00:20:46

Health: -1/28      AC:  3    Str:  5    XL:     5   Next: 3%
Magic:  3/15       EV: 13    Int: 21    God:
Gold:   166        SH:  0    Dex: 13    Spells: 7/16 levels left

rFire    . . .     SeeInvis .   g - +2 dagger (speed)
rCold    . . .     Gourm    .   (no shield)
rNeg     . . .     Faith    .   a - +0 robe
rPois    .         Spirit   .   m - +1 hat
rElec    .         Reflect  .   (no cloak)
rCorr    .         Harm     .   (no gloves)
MR       .....                  (no boots)
Stlth    ++........             (no amulet)
HPRegen  0.09/turn              n - -2 ring of intelligence (curse)
MPRegen  0.14/turn              (no ring)

@: no status effects
A: no striking features
a: no special abilities


You were on level 2 of the Dungeon.
You were not hungry.

You visited 1 branch of the dungeon, and saw 4 of its levels.

You collected 166 gold pieces.

Inventory:

Hand Weapons
 g - a +2 dagger of speed (weapon)
Armour
 a - a +0 robe (worn)
 m - a +1 hat (worn)
Jewellery
 n - a cursed -2 ring of intelligence (left hand)
 o - a cursed ring of attention {unknown}
Scrolls
 b - 2 scrolls of fear {unknown}
 c - 5 scrolls of remove curse {unknown}
 e - 3 scrolls of identify {unknown}
 h - a scroll of blinking {unknown}
 i - 2 scrolls of teleportation {unknown}
 l - 2 scrolls of noise {unknown}
Potions
 f - a potion of brilliance {unknown}
 j - a potion of mutation {unknown}
 k - a potion of curing {unknown}
 p - a potion of flight {unknown}
 q - a potion of might {unknown}
Comestibles
 d - 3 rations


   Skills:
 + Level 1.5 Short Blades
 + Level 2.9 Dodging
 + Level 3.5 Stealth
 * Level 6.0 Spellcasting
 + Level 1.6 Conjurations
   Level 1.1 Summonings
 * Level 1.8 Translocations
 * Level 0.1 Fire Magic
 * Level 0.2 Air Magic
 * Level 0.1 Poison Magic


You had 7 spell levels left.
You knew the following spells:

 Your Spells              Type           Power        Failure   Level  Hunger
a - Magic Dart            Conj           ##..         4%          1    None
b - Blink                 Tloc           N/A          7%          2    None
c - Mephitic Cloud        Conj/Pois/Air  #.......     22%         3    ##.....
f - Conjure Flame         Conj/Fire      ##......     21%         3    ##.....

Your spell library contained the following spells:

 Spells                   Type           Power        Failure   Level  Hunger
 Call Imp                 Summ           ##......     10%         2    None
 Slow                     Hex            #.......     14%         2    None


Dungeon Overview and Level Annotations

Branches:
Dungeon (4/15)
 Temple: D:4-7

Altars:
Dithmenos
Fedhas

Annotations:
D:2 Sigmund
D:3 Grinder


Message History

Casting: Magic Dart (safe; 4% risk of failure)
Confirm with . or Enter, or press ? or * to list all spells.
Aiming: Magic Dart (safe; 4% risk of failure)
Press: ? - help, Shift-Dir - straight line, f/p - gnoll
Aim: a gnoll, wielding a +0 spear (severely wounded, confused)
The magic dart hits the gnoll but does no damage.
The gnoll is severely wounded.
You closely miss the gnoll.
The gnoll is severely wounded.
The gnoll hits you.
You barely miss the gnoll.
The gnoll is severely wounded.
The gnoll hits you.
* * * LOW HITPOINT WARNING * * *
You barely miss the gnoll.
The gnoll is severely wounded.
You barely miss the gnoll.
The gnoll is severely wounded.
The gnoll hits you!
You die...

#..#
#..._.#.............
#..#
#....##.............
####..#
#..##..............
......#
##..............###
#####.#
###..###########..
...# .###### #.###
##.# ##+# ...%...
#.# #...
.......#####.# ##..
.......g†.g@.# +..
.......####### #..
....... #.. .######
#.. ###


You could see 2 gnolls.

Vanquished Creatures
  Terence (D:2)
  2 gnolls (D:2)
  4 adders
  A worm (D:2)
  A dart slug (D:3)
  A leopard gecko (D:1)
  A ball python (D:2)
  3 bats (D:1)
  3 giant cockroaches (D:2)
  5 goblins
  5 hobgoblins
  8 jackals
  5 kobolds
  2 quokkas
  6 frilled lizards
  11 rats
59 creatures vanquished.

Notes
Turn   | Place    | Note
-------+----------+-------------------------------------------
     0 | D:1      | Esekla the Deep Elf Wizard began the quest for the Orb.
     0 | D:1      | Reached XP level 1. HP: 10/10 MP: 7/7
   259 | D:2      | Reached skill level 5 in Spellcasting
   317 | D:2      | Noticed Sigmund
   352 | D:2      | You fall into a shaft and drop 1 floor!
   353 | D:3      | Reached XP level 2. HP: 15/15 MP: 10/10
   373 | D:3      | Learned a level 2 spell: Blink
   446 | D:3      | Found a blossoming altar of Fedhas.
   989 | D:2      | Noticed Terence
  1270 | D:1      | Reached XP level 3. HP: 19/19 MP: 8/12
  1585 | D:1      | Learned a level 3 spell: Mephitic Cloud
  1952 | D:2      | Killed Terence
  1952 | D:2      | Reached XP level 4. HP: 16/24 MP: 5/13
  2045 | D:2      | Reached skill level 1 in Short Blades
  2298 | D:3      | Learned a level 3 spell: Conjure Flame
  2453 | D:3      | Noticed Grinder
  2455 | D:3      | Paralysed by Grinder for 4 turns
  2471 | D:3      | Paralysed by Grinder for 4 turns
  2797 | D:2      | Found a shadowy altar of Dithmenos.
  3034 | D:2      | Reached skill level 6 in Spellcasting
  3042 | D:2      | Reached XP level 5. HP: 20/28 MP: 2/15
  3079 | D:2      | Slain by a gnoll

Levels and vault maps discovered:
D:1:      scummos_arrival_simple_crosswalls, layout_loops_ring,
          serial_co_window_serial, co_window_paths_a,
          co_window_of_opportunity_a, co_window_paths_a, co_window_paths_b,
          co_window_of_opportunity_a, co_window_corner_a,
          co_window_unsneaky_path_e, co_window_broadway_b, co_window_broadway_b,
          co_window_unsneaky_path_e, co_window_of_opportunity_b,
          co_window_corner_b, glass_columns_a, glass_columns_b, glass_columns_a,
          minmay_tromino_v4_a
D:2:      layout_basic, marbit_many_paths,
          nicolae_dithmenos_through_a_glass_darkly, first_ration, uniq_sigmund,
          uniq_terence
D:3:      layout_loops_ring, lemuel_doored_altar, uniq_grinder
D:4:      layout_basic, lemuel_blue_sif_altar, dancing_weapons_uskayaw,
          minmay_temple_entry_purple_smoke, grunt_ministairs_10

Skill      XL: |  1  2  3  4 |
---------------+-------------+-----
Spellcasting   | 5 6 |  6.0
Short Blades   | 1 |  1.5
Stealth        | 3 |  3.5
Dodging        | |  2.9
Conjurations   | |  1.6
Summonings     | |  1.1
Translocations | |  1.8
Fire Magic     | |  0.1
Air Magic      | |  0.2
Poison Magic   | |  0.1

Action                   |  1- 3 |  4- 6 || total
-------------------------+-------+-------++-------
Melee: Dagger            |    29 |    50 ||    79
 Cast: Magic Dart        |    62 |    28 ||    90
       Blink             |     5 |     3 ||     8
       Mephitic Cloud    |     1 |     4 ||     5
 Stab: Sleeping          |    10 |     2 ||    12
       Confused          |     1 |     4 ||     5
  Eat: Chunk             |     2 |     1 ||     3
       Ration            |       |     1 ||     1
Armor: Robe              |     5 |     6 ||    11
Dodge: Dodged            |    23 |    24 ||    47

Table legend:
 A = Non-vault XP
 B = Vault XP
 C = Vault XP percentage of total XP
 D = Non-vault monster count
 E = Vault monster count
 F = Vault count percentage of total count
                 A         B        C        D         E       F
            +---------+---------+-------+---------+---------+-------
      Total |     163 |      40 |  19.7 |      56 |       3 |   5.1
            +---------+---------+-------+---------+---------+-------
        D:1 |      22 |       4 |  15.4 |      16 |       2 |  11.1
        D:2 |     101 |      36 |  26.3 |      24 |       1 |   4.0
        D:3 |      40 |       0 |   0.0 |      16 |       0 |   0.0
            +---------+---------+-------+---------+---------+-------
